 Dungeon Crawl Stone Soup version 0.21.1-1-g345015f (webtiles) character file.

4159 Kairos the Cleaver (level 10, 0/53 HPs)
             Began as a Vine Stalker Fighter on May 5, 2018.
             Was an Initiate of Okawaru.
             Killed from afar by Krilegs's ghost (18 damage)
             ... with a stone arrow
             ... on level 8 of the Dungeon on May 6, 2018.
             The game lasted 00:13:05 (8651 turns).

Kairos the Cleaver (Vine Stalker Fighter)           Turns: 8651, Time: 00:13:06

Health: 0/53       AC:  8    Str: 22    XL:     10   Next: 28%
Magic:  0/11       EV:  9    Int:  8    God:    Okawaru [......]
Gold:   646        SH: 10    Dex: 14    Spells: 9/9 levels left

rFire    . . .     SeeInvis .   a - +3 war axe
rCold    . . .     Gourm    .   c - +0 shield
rNeg     . . .     Faith    .   b - +0 scale mail
rPois    .         Spirit   +   (no helmet)
rElec    .         Reflect  .   (no cloak)
rCorr    .         Harm     .   (no gloves)
MR       +....                  x - +0 pair of boots (curse)
Stlth    ..........             (no amulet)
HPRegen  0.57/turn              (no ring)
MPRegen  0.12/turn              (no ring)

@: drained
A: fangs 3, regeneration 1, magic shield, antimagic bite, no potion heal 3, rot
immunity
a: Renounce Religion


You were on level 8 of the Dungeon.
You worshipped Okawaru.
Okawaru was noncommittal.
You were near starving.

You visited 2 branches of the dungeon, and saw 9 of its levels.
You also visited: Sewer.

You collected 646 gold pieces.

Inventory:

Hand Weapons
 a - a +3 war axe (weapon)
Missiles
 p - 15 tomahawks (quivered)
Armour
 b - a +0 scale mail (worn)
 c - a +0 shield (worn)
 x - a cursed +0 pair of boots (worn)
Jewellery
 h - a +2 ring of intelligence {unknown}
 v - an uncursed ring of flight {unknown}
Wands
 j - a wand of digging (14)
 k - a wand of iceblast (11)
 y - a wand of acid (7)
 A - a wand of flame (19)
Scrolls
 e - 2 scrolls of remove curse
 g - 3 scrolls of magic mapping
 i - a scroll of blinking {unknown}
 l - a scroll of immolation {unknown}
 n - 2 scrolls of amnesia
 o - 2 scrolls of teleportation
 w - 4 scrolls of identify
 B - a scroll of fog {unknown}
Potions
 d - 5 potions of might
 m - 3 potions of mutation {unknown}
 q - 2 potions of lignification {unknown}
 r - 4 potions of agility
 s - a potion of haste {unknown}
 t - 2 potions of flight {unknown}
 u - 5 potions of curing
 z - a potion of berserk rage {unknown}
Comestibles
 f - 16 rations


   Skills:
 + Level 5.9(5.8) Fighting
 + Level 9.2(9.1) Axes
 + Level 5.8(5.7) Armour
 + Level 2.4(2.3) Dodging
 + Level 0.2 Stealth
 + Level 5.8 Shields
 + Level 0.5(0.4) Evocations


You had 9 spell levels left.
You didn't know any spells.

Dungeon Overview and Level Annotations

Branches:
Dungeon (8/15)             Temple (1/1) D:6
   Lair: D:8-11

Altars:
Ashenzari
Cheibriados
Dithmenos
Elyvilon
Fedhas
Hepliaklqana
Kikubaaqudgha
Okawaru
Qazlal
Sif Muna
Trog
Vehumet
Wu Jian
Xom
Yredelemnul
Zin
The Shining One

Annotations:
D:8 Krilegs's ghost, novice GrEE


Innate Abilities, Weirdness & Mutations

You have razor-sharp teeth.
Your natural rate of healing is unusually fast.
When hurt, damage is shared between your health and your magic reserves.
Your bite disrupts and absorbs the magic of your enemies.
Potions cannot restore your health.
You are immune to rotting.


Message History

The gnoll shouts!
You hear a shout!
The gnoll sergeant hits you from afar with a spear.
Krilegs's ghost hits you but does no damage.
The gnoll sergeant hits you from afar with a spear.
Krilegs's ghost hits you but does no damage.
The gnoll sergeant hits you but does no damage.
Krilegs's ghost says, "Death is but another step down the path of knowledge."
Krilegs's ghost points at you and mumbles some strange words.
The gnoll sergeant hits you but does no damage.
Krilegs's ghost hits you but does no damage.
The gnoll sergeant hits you from afar with a spear.
Krilegs's ghost hits you.
You turn to flesh and can move again.
You are near starving!
Krilegs's ghost hits you.
Krilegs's ghost gestures at you while chanting.
The wall shatters!
The blast of rock fragments hits you!
Krilegs's ghost points at you and mumbles some strange words.
The stone arrow hits you!
You die...

#####....#..#....####
#....g##..##..##.##
#.....##..##..##..'
#....g...#..#.....#.
#'#.......#....#....#
.......gW#..##..#...#
........#...##...#..#
.......#..........###
.........@...####...#
#'#.........#.......##
..#.........#........#
#.........#........#
#.........#+############
......####...............
...... #...............
..... #..........>....
.... #..............)


You could see a gnoll sergeant, Krilegs's ghost and 2 gnolls.

Vanquished Creatures
  The ghost of Tiareth the Magician, a novice DESk (D:6)
  A hungry ghost (D:7)
  A human (D:7)
  4 hogs
  2 sky beasts
  An orc warrior (D:5)
  A phantom (D:6)
  2 ogres (D:4)
  2 centaurs (D:5)
  4 bullfrogs
  3 big kobolds (Sewer)
  2 scorpions (D:5)
  4 wights (D:8)
  A jelly (D:7)
  2 crimson imps
  2 centaur zombies (D:5)
  4 hounds
  5 orc priests
  2 bullfrog skeletons
  10 orc wizards
  Jessica (D:2)
  3 iguanas
  7 worker ants
  A hound zombie (D:7)
  A hound skeleton (D:6)
  A worker ant zombie (D:6)
  4 gnolls (D:8)
  3 river rats (Sewer)
  22 adders
  An adder skeleton (D:6)
  A worm (D:3)
  2 dart slugs
  23 orcs
  A bat zombie (D:5)
  6 giant cockroaches
  6 goblins
  7 hobgoblins
  11 jackals
  4 quokkas
  4 ball pythons
  8 bats
  A frilled lizard (D:3)
  18 kobolds
  A leopard gecko zombie (D:5)
  A quokka zombie (D:5)
  29 rats
  A rat zombie (D:5)
222 creatures vanquished.

Vanquished Creatures (others)
  2 leopard geckos
2 creatures vanquished.

Grand Total: 224 creatures vanquished

Notes
Turn   | Place    | Note
-------+----------+-------------------------------------------
     0 | D:1      | Kairos the Vine Stalker Fighter began the quest for the Orb.
     0 | D:1      | Reached XP level 1. HP: 11/11 MP: 2/2
   245 | D:1      | Reached XP level 2. HP: 8/16 MP: 3/3
   344 | D:1      | Reached skill level 2 in Axes
   731 | D:2      | Reached XP level 3. HP: 7/19 MP: 2/4
  1304 | D:2      | Noticed Jessica
  1311 | D:2      | Killed Jessica
  1311 | D:2      | Gained mutation: Your natural rate of healing is unusually fast. [Vine Stalker growth]
  1311 | D:2      | Reached XP level 4. HP: 11/24 MP: 3/5
  1972 | D:3      | Reached XP level 5. HP: 6/28 MP: 2/6
  1978 | D:3      | Reached skill level 3 in Axes
  2181 | D:3      | Found a shadowy altar of Dithmenos.
  2268 | D:3      | Reached XP level 6. HP: 32/32 MP: 7/7
  2507 | D:4      | Found a shadowy altar of Dithmenos.
  2726 | D:4      | Found a glowing drain.
  2788 | Sewer    | Entered a sewer
  2822 | Sewer    | Reached XP level 7. HP: 36/36 MP: 8/8
  2865 | Sewer    | Reached skill level 4 in Axes
  3109 | Sewer    | Reached skill level 1 in Dodging
  3620 | D:4      | Reached skill level 5 in Axes
  3620 | D:4      | Gained mutation: You have razor-sharp teeth. [Vine Stalker growth]
  3620 | D:4      | Reached XP level 8. HP: 16/42 MP: 6/9
  4263 | D:5      | Entered Level 5 of the Dungeon
  4414 | D:5      | Found a shattered altar of Ashenzari.
  4632 | D:5      | Found an ornate altar of the Wu Jian Council.
  4639 | D:5      | Reached skill level 6 in Axes
  4911 | D:5      | Reached skill level 5 in Shields
  4970 | D:5      | Found an ancient bone altar of Kikubaaqudgha.
  5403 | D:5      | HP: 1/42 [orc warrior/war axe (7)]
  5405 | D:5      | Reached XP level 9. HP: 1/46 MP: 0/10
  5754 | D:6      | Reached skill level 7 in Axes
  5758 | D:6      | Found a staircase to the Ecumenical Temple.
  5803 | D:6      | Reached skill level 5 in Armour
  5909 | D:6      | Noticed Tiareth's ghost (novice DESk)
  5933 | D:6      | Killed Tiareth's ghost
  5992 | D:6      | Reached skill level 8 in Axes
  6003 | D:6      | Found a white marble altar of Elyvilon.
  6014 | D:6      | Reached skill level 5 in Fighting
  6601 | D:6      | Reached XP level 10. HP: 25/52 MP: 11/11
  6849 | D:7      | Found a blossoming altar of Fedhas.
  7495 | D:7      | Reached skill level 9 in Axes
  7772 | Temple   | Entered the Ecumenical Temple
  8134 | Temple   | Became a worshipper of Warmaster Okawaru
  8283 | D:8      | Noticed Krilegs's ghost (novice GrEE)
  8651 | D:8      | Killed from afar by Krilegs's ghost

Skill      XL: |  1  2  3  4  5  6  7  8  9 10 |
---------------+-------------------------------+-----
Axes           | 2 3 5 6 8 9 |  9.2
Shields        | 3 4 5 |  5.8
Fighting       | 3 4 5 |  5.9
Armour         | 3 4 5 |  5.8
Dodging        | 1 2 |  2.4
Stealth        | |  0.2
Evocations     | |  0.5

Action                   |  1- 3 |  4- 6 |  7- 9 | 10-12 || total
-------------------------+-------+-------+-------+-------++-------
Melee: War axe           |    72 |   167 |   357 |    87 ||   683
       Bite              |    17 |    43 |   100 |    29 ||   189
Evoke: Wand              |       |       |     1 |       ||     1
  Use: Scroll            |       |       |    13 |     1 ||    14
  Eat: Chunk             |     1 |     2 |    13 |     3 ||    19
       Ration            |       |     1 |       |     2 ||     3
Armor: Scale mail        |    32 |    78 |   139 |    37 ||   286
Dodge: Dodged            |    36 |    45 |   133 |    28 ||   242
Block: Shield            |    38 |   102 |   193 |    41 ||   374
